 Dungeon Crawl Stone Soup version 0.25-a0-322-g3677130cb1 (webtiles) character file.

Game seed: 1966087328075486099, levelgen mode: deterministic

49 floatRand the Sneak (level 3, 0/30 HPs)
             Began as a Draconian Assassin on Dec 27, 2019.
             Slain by a worm (7 damage)
             ... on level 2 of the Dungeon.
             The game lasted 00:01:39 (1388 turns).

floatRand the Sneak (Draconian Assassin)            Turns: 1388, Time: 00:01:40

Health: 0/30       AC:  6    Str: 13    XL:     3   Next: 53%
Magic:  3/3        EV: 12    Int: 11    God:
Gold:   51         SH:  0    Dex: 13    Spells: 2/2 levels left

rFire    . . .     SeeInvis .   a - +2 dagger
rCold    . . .     Gourm    .   (no shield)
rNeg     . . .     Faith    .   (armour unavailable)
rPois    .         Spirit   .   (helmet restricted)
rElec    .         Reflect  .   b - +0 cloak
rCorr    .         Harm     .   (no gloves)
MR       .....                  (no boots)
Stlth    +++.......             (no amulet)
HPRegen  0.10/turn              (no ring)
MPRegen  0.08/turn              (no ring)

@: no status effects
A: unfitting armour, cold-blooded, AC +5
a: no special abilities


You were on level 2 of the Dungeon.
You were hungry.

You visited 1 branch of the dungeon, and saw 2 of its levels.

You collected 51 gold pieces.

Inventory:

Hand Weapons
 a - a +2 dagger (weapon)
Missiles
 c - 23 poisoned darts (quivered)
 d - 2 curare-tipped darts
Armour
 b - a +0 cloak (worn)
Jewellery
 l - an uncursed ring of ice
 o - an uncursed amulet of the gourmand {unknown}
 q - an uncursed ring of wizardry
Scrolls
 e - 7 scrolls of identify {unknown}
 h - a scroll of noise {unknown}
 k - 3 scrolls of remove curse {unknown}
 m - a scroll of fog {unknown}
 p - a scroll of amnesia {unknown}
 s - a scroll of teleportation {unknown}
Potions
 g - a potion of might {unknown}
 i - a potion of magic {unknown}
 j - a potion of agility {unknown}
 n - a potion of cancellation {unknown}
 t - a potion of ambrosia {unknown}
Comestibles
 f - 5 rations


   Skills:
 + Level 2.4 Fighting
 - Level 2.0 Short Blades
 - Level 1.7 Throwing
 + Level 1.1 Dodging
 + Level 4.8 Stealth


You had 2 spell levels left.
You didn't know any spells.
Your spell library was empty.

Dungeon Overview and Level Annotations

Branches:
Dungeon (2/15)

Altars:
Nemelex Xobeh


Innate Abilities, Weirdness & Mutations

Your plain brown scales are hard. (AC +5)
You cannot fit into any form of body armour.
You are cold-blooded and may be slowed by cold attacks.


Message History

Unknown command.
You hit the worm.
The worm is moderately wounded.
You hit the worm.
The worm is moderately wounded.
The worm bites you.
You hit the worm.
The worm is heavily wounded.
Unknown command.
You hit the worm but do no damage.
The worm is heavily wounded.
The worm bites you!
* * * LOW HITPOINT WARNING * * *
You are too injured to fight recklessly!
Unknown command.
You are too injured to fight recklessly!
You hit the worm.
The worm is severely wounded.
The worm bites you!
You die...

....#########...####.>......#
.#### ###.)..#.#####..# .#
##### ######<#.##.....# <.
.....#####........#......#
###...........###...#.....).#
...[...........###.......#
.................#.......#
.......)....####........##
...........Kw@...........#
............######.......#
K...........# #.......#
...(.......## ##.....##
..........## .. ###########


You could see a worm and a kobold.

Vanquished Creatures
  2 oozes
  2 dart slugs
  A leopard gecko (D:2)
  A ball python (D:2)
  2 giant cockroaches
  4 goblins
  5 hobgoblins
  3 jackals (D:1)
  3 kobolds
  4 bats
  2 frilled lizards
  4 rats
33 creatures vanquished.

Notes
Turn   | Place    | Note
-------+----------+-------------------------------------------
     0 | D:1      | floatRand the Draconian Assassin began the quest for the
                  | Orb.
     0 | D:1      | Reached XP level 1. HP: 17/17 MP: 1/1
    99 | D:1      | Reached skill level 4 in Stealth
   111 | D:1      | Reached XP level 2. HP: 11/24 MP: 2/2
   973 | D:2      | Reached XP level 3. HP: 19/29 MP: 3/3
  1116 | D:2      | Reached skill level 1 in Dodging
  1234 | D:2      | Found a sparkling altar of Nemelex Xobeh.
  1388 | D:2      | Slain by a worm

Levels and vault maps discovered:
D:1:      shiori_arrival_elements, layout_basic
D:2:      layout_rooms, nemelex_lonely_heart_becter

Skill      XL: |  1  2  3 |
---------------+----------+-----
Stealth        | 4 |  4.8
Dodging        | 1 |  1.1
Fighting       | |  2.4
Short Blades   | |  2.0
Throwing       | |  1.7

Action                   || total
-------------------------++-------
Melee: Dagger            ||   134
       Tailslap          ||    13
 Stab: Sleeping          ||     4
  Eat: Chunk             ||     1
Armor: Skin              ||    49
Dodge: Dodged            ||    77

Table legend:
 A = Non-vault XP
 B = Vault XP
 C = Vault XP percentage of total XP
 D = Non-vault monster count
 E = Vault monster count
 F = Vault count percentage of total count
                 A         B        C        D         E       F
            +---------+---------+-------+---------+---------+-------
      Total |      71 |       0 |   0.0 |      33 |       0 |   0.0
            +---------+---------+-------+---------+---------+-------
        D:1 |      39 |       0 |   0.0 |      19 |       0 |   0.0
        D:2 |      32 |       0 |   0.0 |      14 |       0 |   0.0
            +---------+---------+-------+---------+---------+-------
